 Dungeon Crawl Stone Soup version 0.18.1-48-g4cf74bf (webtiles) character file.

22656 lyrx the Executioner (level 13, 0/97 HPs)
             Began as a Hill Orc Berserker on Aug 25, 2016.
             Was a High Priest of Trog.
             Succumbed to a black mamba's poison
             ... on level 1 of the Lair of Beasts.
             The game lasted 01:19:41 (11603 turns).

lyrx the Executioner (Hill Orc Berserker)          Turns: 11603, Time: 01:19:43

Health: 0/97       AC: 16    Str: 25    XL:     13   Next: 1%
Magic:  3/3        EV: 10    Int: 11    God:    Trog [*****.]
Gold:   1050       SH:  0    Dex: 10    Spells: 0 memorised, 12 levels left

rFire  + . .     SeeInvis .     M - +4 executioner's axe (antimagic)
rCold  . . .     Gourm    .     G - +2 scale mail {rPois}
rNeg   . . .     Faith    +     (shield currently unavailable)
rPois  +         Spirit   .     D - +0 helmet
rElec  .         Dismiss  .     (no cloak)
rCorr  .         Reflect  .     q - +2 pair of gloves
SustAt +         Harm     .     h - +0 pair of boots (curse)
MR     .....                    o - amulet of faith
Stlth  ..........               A - ring of sustain attributes
                                I - +4 ring of intelligence

@: lethally poisoned (0 -> -10), exhausted, very slightly contaminated, slowed,
very slow, not resistant to hostile enchantments, extremely unstealthy
A: hooves 1, rugged brown scales 1, fire resistance 1, low mp 1, shaggy fur 2
a: Berserk, Trog's Hand, Brothers in Arms, Burn Spellbooks, Renounce Religion


You were on level 1 of the Lair of Beasts.
You worshipped Trog.
Trog was extremely pleased with you.
You were not hungry.

You visited 3 branches of the dungeon, and saw 14 of its levels.

You collected 1050 gold pieces.

Inventory:

Hand Weapons
 B - the +10 great mace "Qaniorchu" {drain, rC+ MR- Int+2}
   (Trog gifted it to you on level 8 of the Dungeon)

   A truly terrible weapon, it drains the life of those it strikes.
   It affects your intelligence (+2).
   It protects you from cold.
   It affects your resistance to hostile enchantments.
 L - a +3 shortbow
 M - a +4 antimagic executioner's axe (weapon)
Missiles
 e - 390 arrows
 u - 48 bolts
Armour
 h - a cursed +0 pair of boots (worn)
 i - a +0 leather armour of magic resistance
 q - a +2 pair of gloves (worn)
 D - a +0 helmet (worn)
 G - a +2 scale mail of poison resistance (worn)
Rods
 J - a -2 rod of clouds (11/11)
   (You found it on level 11 of the Dungeon)
Jewellery
 l - an uncursed ring of magical power
 o - an amulet of faith (around neck)
 A - a ring of sustain attributes (right hand)
 I - a +4 ring of intelligence (left hand)
 K - an uncursed ring of ice
Wands
 a - a wand of lightning (7/15)
 b - a wand of digging (14/24)
 m - a wand of enslavement (2/24)
 s - a wand of acid (4/15)
 t - a wand of flame (22/48)
 x - a wand of lightning (11/15)
 E - a wand of lightning (5/15)
 F - a wand of lightning (3/15)
 H - a wand of confusion (18/48)
Scrolls
 d - 12 scrolls of identify
 n - 4 scrolls of teleportation
 v - a scroll of enchant armour
 w - 6 scrolls of remove curse
 z - a scroll of recharging
Potions
 j - a potion of resistance
 k - 3 potions of haste
 p - 3 potions of flight
Comestibles
 c - 3 bread rations
 g - 30 fruits
 C - a meat ration


   Skills:
 - Level 3.6 Fighting
 * Level 24.2 Axes
 - Level 2.1 Armour
 - Level 1.5 Dodging
 - Level 0.2 Evocations


You had 12 spell levels left.
You didn't know any spells.

Dungeon Overview and Level Annotations

Branches:
Dungeon (12/15)            Temple (1/1) D:6            Lair (1/8) D:11
    Orc (0/2) D:9

Altars:
Ashenzari
Cheibriados
Dithmenos
Elyvilon
Fedhas
Gozag
Kikubaaqudgha
Makhleb
Nemelex Xobeh
Okawaru
Pakellas
Qazlal
Ru
Sif Muna
Trog
Vehumet
Xom
Yredelemnul
Zin
The Shining One

Portals:
Trove: D:11 (give +4 ice dragon armour)


Innate Abilities, Weirdness & Mutations

You have large cloven feet.
You are partially covered in rugged brown scales (AC +1, +3% HP).
Your flesh is heat resistant.
Your magical capacity is low (-10% MP).
You are covered in thick fur (AC +2).


Message History

The black mamba completely misses you. The black mamba bites you.
* * * LOW HITPOINT WARNING * * *
You continue eating.
The black mamba bites you but does no damage.
The black mamba bites you.
* * * LOW HITPOINT WARNING * * *
The black mamba bites you!
* * * LOW HITPOINT WARNING * * *
You continue eating.
The black mamba barely misses you. The black mamba bites you.
* * * LOW HITPOINT WARNING * * *
You are lethally poisoned!
The black mamba poisons you!
You finish eating.
That meat ration really hit the spot!
Read which item? (? for menu, Esc to quit)
Blink to where?
Press: ? - help, Dir - move target cursor You are very lightly contaminated with residual magic.
As you read the scroll of blinking, it crumbles to dust.
You die...

#P.#..##### #.. ####.##..#
###... .# #.##.## #.....
.###....# ##...# #
..##.##.## #...# .###
..##.##..# #####...###...#
.P.P....## #.+(...........
.........# #.#⌠.†...⌠S.>..
.##.###### #@.............
.#### ##.###..S##$...#
.######### #..##..†.§# ####
.P##.#.#.#######..###....#
....................#....#
....)...#.P#####.######....
.#.###..#### ### .#....
.### ##.## # ##.⌠ ..# #..#
##.


You could see a black mamba.

Vanquished Creatures
  Gastronok (Lair:1)
  Fannar (Lair:1)
  A centaur warrior (D:11)
  Nergalle (Lair:1)
  A skeletal warrior (D:10)
  An unseen horror (D:11)
  The ghost of ceb the Chopper, a novice MiBe of Trog (D:5)
  2 hill giants
  Psyche (D:8)
  The ghost of ThereIsNoGod the Cleaver, a novice MiGl of Makhleb (D:4)
  2 spiny frogs (Lair:1)
  A komodo dragon (Lair:1)
  A troll (D:11)
  Sigmund (D:5)
  A shadow (D:10)
  A wraith (D:11)
  17 yaks
  A basilisk (D:11)
  The ghost of Inkary the Shield-Bearer, an amateur FoFi of Okawaru (D:3)
  3 hippogriffs
  5 porcupines
  Duvessa (D:7)
  2 water moccasins
  4 orc warriors
  3 sky beasts (D:11)
  3 black bears
  2 ice beasts
  3 necrophages
  4 phantoms
  4 wolves (D:8)
  5 ogres
  8 centaurs
  4 crocodiles
  2 big kobolds
  Blork the orc (D:5)
  15 giant frogs
  A water moccasin skeleton (D:9)
  Dowan (D:7)
  13 killer bees
  2 scorpions
  3 howler monkeys
  5 wights
  6 crimson imps
  A centaur zombie (D:11)
  A giant frog zombie (D:9)
  8 orc priests
  A hound (D:5)
  5 jellies
  2 gnoll shamans
  A giant frog skeleton (D:11)
  17 orc wizards
  8 iguanas
  A worker ant (D:7)
  8 sheep (D:11)
  6 ogre zombies (D:9)
  A hound zombie (D:5)
  16 gnolls
  A howler monkey skeleton (D:3)
  13 adders
  8 river rats
  A shadow imp (D:10)
  An adder skeleton (D:6)
  An adder zombie (D:9)
  5 worms
  2 dart slugs
  5 giant geckos
  47 orcs
  A ball python (D:3)
  6 bats
  7 giant cockroaches
  5 goblins
  6 hobgoblins
  15 jackals
  3 quokkas
  A giant gecko skeleton (D:5)
  6 giant newts
  6 goblin zombies (D:9)
  3 hobgoblin zombies (D:9)
  12 kobolds
  2 orc skeletons (D:9)
  8 orc zombies (D:9)
  A quokka zombie (D:9)
  8 rats
  2 fungi (Lair:1)
  A plant (D:1)
390 creatures vanquished.

Vanquished Creatures (collateral kills)
  A centaur warrior (D:11)
  4 skeletal warriors (D:10)
  A hill giant (D:11)
  An ugly thing (D:11)
  A basilisk (D:11)
  Grum (D:8)
  3 yaks (D:10)
  3 porcupines
  A wasp (D:10)
  A crocodile (D:11)
  3 wights (D:10)
  2 orc wizards (D:6)
  2 sheep (D:11)
  A shadow imp (D:10)
25 creatures vanquished.

Vanquished Creatures (others)
  A bush (D:11)
  A fungus (D:11)
  4 plants
6 creatures vanquished.

Grand Total: 421 creatures vanquished

Notes
Turn   | Place    | Note
--------------------------------------------------------------
     0 | D:1      | lyrx the Hill Orc Berserker began the quest for the Orb.
     0 | D:1      | Reached XP level 1. HP: 19/19 MP: 1/1
   427 | D:1      | Reached XP level 2. HP: 26/26 MP: 2/2
   891 | D:2      | Reached skill level 5 in Axes
  1006 | D:2      | Found an oddly glowing altar of Pakellas.
  1093 | D:2      | Reached XP level 3. HP: 21/31 MP: 3/3
  1121 | D:2      | Found a sparkling altar of Nemelex Xobeh.
  1214 | D:2      | Reached ** piety under Trog
  1282 | D:2      | Reached skill level 6 in Axes
  1482 | D:2      | You fall through a shaft for 2 floors!
  1487 | D:3      | Noticed Inkary's ghost (amateur FoFi)
  1499 | D:3      | Killed Inkary's ghost
  1499 | D:3      | Reached skill level 8 in Axes
  1499 | D:3      | Reached XP level 4. HP: 34/39 MP: 4/4
  1499 | D:3      | Reached XP level 5. HP: 40/45 MP: 5/5
  1841 | D:2      | Found a sacrificial altar of Ru.
  2010 | D:3      | Reached XP level 6. HP: 51/51 MP: 6/6
  2072 | D:3      | Reached skill level 9 in Axes
  2088 | D:3      | Reached *** piety under Trog
  2108 | D:3      | Gained mutation: You are covered in fur (AC +1). [potion of mutation]
  2108 | D:3      | Gained mutation: Your magical capacity is low (-10% MP). [potion of mutation]
  2108 | D:3      | Gained mutation: You are dopey. (Int -2) [potion of mutation]
  2564 | D:4      | Noticed ThereIsNoGod's ghost (novice MiGl)
  2570 | D:4      | Killed ThereIsNoGod's ghost
  2570 | D:4      | Reached skill level 10 in Axes
  2570 | D:4      | Reached XP level 7. HP: 57/57 MP: 6/6
  2570 | D:4      | Reached skill level 11 in Axes
  2674 | D:4      | Found a snail-covered altar of Cheibriados.
  3004 | D:4      | Found a stormy altar of Qazlal.
  3156 | D:5      | Entered Level 5 of the Dungeon
  3156 | D:5      | Noticed Sigmund
  3161 | D:5      | Killed Sigmund
  3161 | D:5      | Reached **** piety under Trog
  3161 | D:5      | Reached skill level 12 in Axes
  3161 | D:5      | Reached XP level 8. HP: 64/64 MP: 7/7
  3446 | D:5      | Reached skill level 13 in Axes
  3467 | D:5      | Noticed ceb's ghost (novice MiBe)
  3674 | D:5      | Killed ceb's ghost
  3674 | D:5      | Reached skill level 14 in Axes
  3674 | D:5      | Reached XP level 9. HP: 70/70 MP: 8/8
  3713 | D:5      | Found an oddly glowing altar of Pakellas.
  3818 | D:5      | Noticed Blork the orc
  3826 | D:5      | Killed Blork the orc
  3901 | D:6      | Found a staircase to the Ecumenical Temple.
  3977 | D:6      | Reached skill level 15 in Axes
  4261 | D:6      | Reached skill level 16 in Axes
  4432 | D:6      | Found a glowing silver altar of Zin.
  4764 | Temple   | Entered the Ecumenical Temple
  5072 | D:7      | Found a shadowy altar of Dithmenos.
  5181 | D:7      | Reached XP level 10. HP: 65/77 MP: 9/9
  5197 | D:7      | Reached ***** piety under Trog
  5197 | D:7      | Reached skill level 17 in Axes
  5702 | D:7      | Noticed Dowan
  5704 | D:7      | Noticed Duvessa
  5712 | D:7      | Killed Dowan
  5719 | D:7      | Killed Duvessa
  6248 | D:8      | Reached skill level 18 in Axes
  6267 | D:8      | Noticed Psyche
  6279 | D:8      | Killed Psyche
  6302 | D:8      | Noticed Grum
  6307 | D:8      | Killed Grum
  6750 | D:8      | Received a gift from Trog
  6755 | D:8      | Got a shimmering great mace {god gift}
  6756 | D:8      | Identified the +10 great mace "Qaniorchu" {drain, rC+ MR- Int+2} (Trog gifted it to you on level 8 of the Dungeon)
  6995 | D:9      | Found a deep blue altar of Sif Muna.
  7216 | D:9      | Reached skill level 19 in Axes
  7217 | D:9      | Found a staircase to the Orcish Mines.
  7311 | D:9      | Found a shattered altar of Ashenzari.
  7386 | D:9      | Reached XP level 11. HP: 40/82 MP: 10/10
  8004 | D:10     | Entered Level 10 of the Dungeon
  8145 | D:10     | Reached skill level 20 in Axes
  8184 | D:10     | Noticed a skeletal warrior
  8191 | D:10     | Noticed a skeletal warrior
  8196 | D:10     | Killed a skeletal warrior
  8199 | D:10     | Killed a skeletal warrior
  8229 | D:10     | Noticed a skeletal warrior
  8230 | D:10     | Noticed a skeletal warrior
  8232 | D:10     | Noticed a skeletal warrior
  8238 | D:10     | Killed a skeletal warrior
  8250 | D:10     | Killed a skeletal warrior
  8255 | D:10     | Killed a skeletal warrior
  8747 | D:10     | Reached skill level 21 in Axes
  8997 | D:10     | Noticed a hill giant
  9006 | D:10     | Killed a hill giant
  9110 | D:10     | Found a blossoming altar of Fedhas.
  9233 | D:11     | Gained mutation: You are weak. (Str -2) [mutagenic meat]
  9234 | D:11     | Gained mutation: You have large cloven feet. [mutagenic meat]
  9235 | D:11     | Gained mutation: You are clumsy. (Dex -2) [mutagenic meat]
  9236 | D:11     | Gained mutation: You are covered in thick fur (AC +2). [mutagenic meat]
  9238 | D:11     | Gained mutation: Your flesh is heat resistant. [mutagenic meat]
  9408 | D:11     | Reached XP level 12. HP: 90/90 MP: 10/10
  9442 | D:11     | Reached skill level 22 in Axes
  9479 | D:11     | Found a staircase to the Lair.
  9508 | D:11     | Gained mutation: You are partially covered in rugged brown scales (AC +1, +3% HP). [mutagenic meat]
  9510 | D:11     | Lost mutation: You are weak. (Str -2) [mutagenic meat]
  9553 | D:11     | Lost mutation: You are clumsy. (Dex -2) [mutagenic meat]
  9737 | D:11     | Gained mutation: You have a pair of small antennae on your head. [mutagenic meat]
  9738 | D:11     | Lost mutation: You are dopey. (Int -2) [mutagenic meat]
  9739 | D:11     | Lost mutation: You have a pair of small antennae on your head. [mutagenic meat]
  9789 | D:11     | Received a gift from Trog
  9829 | D:11     | Noticed a centaur warrior
  9835 | D:11     | Killed a centaur warrior
 10048 | D:11     | Noticed a centaur warrior
 10059 | D:11     | Killed a centaur warrior
 10205 | D:11     | Found a portal to a secret trove of treasure.
 10637 | D:11     | Reached skill level 23 in Axes
 10703 | Lair:1   | Entered Level 1 of the Lair of Beasts
 11156 | Lair:1   | Noticed Fannar
 11164 | Lair:1   | Killed Fannar
 11164 | Lair:1   | Received a gift from Trog
 11288 | Lair:1   | Noticed Nergalle
 11297 | Lair:1   | Killed Nergalle
 11326 | Lair:1   | Noticed Gastronok
 11354 | Lair:1   | Killed Gastronok
 11354 | Lair:1   | Reached skill level 24 in Axes
 11574 | Lair:1   | Reached XP level 13. HP: 97/97 MP: 3/11
 11602 | Lair:1   | HP: 2/97 [black mamba (6)]
 11603 | Lair:1   | Succumbed to a black mamba's poison

Skill      XL: |  1  2  3  4  5  6  7  8  9 10 11 12 |
---------------+-------------------------------------+-----
Axes           | 5 8 10 12 14 16 19 21 24 | 24.2
Fighting       | |  3.6
Armour         | |  2.1
Dodging        | |  1.5
Evocations     | |  0.2

Action                   |  1- 3 |  4- 6 |  7- 9 | 10-12 | 13-15 || total
-------------------------+-------+-------+-------+-------+-------++-------
Melee: Hand axe          |   185 |   111 |   231 |   134 |       ||   661
       Great mace        |       |       |       |   431 |       ||   431
       Executioner's axe |       |       |       |    42 |    20 ||    62
Invok: Berserk           |     5 |     5 |    13 |    27 |       ||    50
       Brothers in Arms  |       |       |     1 |    10 |       ||    11
       Trog's Hand       |       |       |       |     6 |       ||     6
       Burn Spellbooks   |       |       |       |     4 |       ||     4
Evoke: Wand              |       |       |       |     6 |       ||     6
  Use: Potion            |     3 |     1 |     7 |     5 |     1 ||    17
       Scroll            |     2 |     6 |     7 |     5 |     1 ||    21
 Stab: Sleeping          |     1 |       |       |       |       ||     1
       Distracted        |       |       |       |     1 |       ||     1
  Eat: Chunk             |     6 |     9 |    20 |    63 |       ||    98
       Beef jerky        |       |       |     1 |     1 |       ||     2
       Pizza             |       |       |     1 |       |       ||     1
       Fruit             |       |       |       |     2 |       ||     2
       Meat ration       |       |       |       |       |     1 ||     1
Armor: Animal skin       |    18 |     6 |       |       |       ||    24
       Leather armour    |       |     8 |       |       |       ||     8
       Scale mail        |       |     9 |    18 |   261 |     9 ||   297
       Chain mail        |       |       |    49 |    81 |       ||   130
Dodge: Dodged            |    81 |    56 |    64 |   295 |    13 ||   509
